 Dungeon Crawl Stone Soup version 0.21-a0-26-g7b23a2f (webtiles) character file.

5925 Alarkh the Cleaver (level 10, -8/70 HPs)
             Began as a Demonspawn Skald on May 25, 2017.
             Was an Elder of Okawaru.
             Killed from afar by a gargoyle (19 damage)
             ... with a stone arrow
             ... on level 8 of the Dungeon.
             The game lasted 00:22:00 (14699 turns).

Alarkh the Cleaver (Demonspawn Skald)              Turns: 14699, Time: 00:22:01

Health: -8/70      AC:  6    Str: 13    XL:     10   Next: 53%
Magic:  0/19       EV: 13    Int: 20    God:    Okawaru [****..]
Gold:   190        SH:  0    Dex: 14    Spells: 15/21 levels left

rFire    + + .     SeeInvis +   a - +0 battleaxe
rCold    . . .     Gourm    .   (shield currently unavailable)
rNeg     . . .     Faith    .   I - +0 leather armour {rF+}
rPois    +         Spirit   +   G - +0 hat {Int+3}
rElec    +         Reflect  .   x - scarf {Spirit}
rCorr    .         Harm     .   m - +1 pair of gloves
MR       .....                  (no boots)
Stlth    +++.......             (no amulet)
Regen    0.3/turn               t - ring "Omupludo" {rElec rPois rF+ Str+2 SInv}
MPRegen  0.2/turn               K - -3 ring of evasion

@: heroism
A: hooves 1, nightstalker 1, powered by pain 1, sturdy frame 3
a: Heroism, Renounce Religion


You were on level 8 of the Dungeon.
You worshipped Okawaru.
Okawaru was greatly pleased with you.
You were not hungry.

You visited 2 branches of the dungeon, and saw 10 of its levels.
You also visited: Ossuary.

You collected 415 gold pieces.
You spent 225 gold pieces at shops.

Inventory:

Hand Weapons
 a - a +0 battleaxe (weapon)
 b - a +2 antimagic hand axe
 y - a +0 hand axe
Armour
 m - a +1 pair of gloves (worn)
 x - a scarf of spirit shield (worn)
 A - a +0 ring mail
 G - a +0 hat of intelligence (worn)
 I - a +0 leather armour of fire resistance (worn)
Jewellery
 n - an uncursed ring of fire
 t - the ring "Omupludo" (left hand) {rElec rPois rF+ Str+2 SInv}
   (You found it on level 4 of the Dungeon)

   [ring of strength]

   It affects your strength (+2).
   It protects you from fire.
   It insulates you from electricity.
   It protects you from poison.
   It lets you see invisible.
 C - an uncursed ring of protection from cold
 K - a -3 ring of evasion (right hand)
 L - an uncursed ring of positive energy
Wands
 h - a wand of disintegration (2/24)
 q - a wand of lightning (0/15)
 D - a wand of disintegration (12/24)
Scrolls
 e - a scroll of identify
 f - a scroll of remove curse
 i - a scroll of immolation
 j - a scroll of teleportation
 k - a scroll of enchant weapon {unknown}
 o - a scroll of random uselessness {unknown}
 r - a scroll of fog {unknown}
 s - a scroll of enchant armour {unknown}
 z - 4 scrolls of amnesia
 H - a scroll of noise {unknown}
Potions
 g - 4 potions of flight
 p - 5 potions of might
 v - a potion of brilliance
 w - 2 potions of curing
 B - a potion of mutation
 E - 3 potions of haste
 J - a potion of heal wounds {unknown}
Books
 c - a book of Battle

   Spells                             Type                      Level
   a - Infusion                       Charms                       1
   b - Shroud of Golubria             Charms/Translocation         2
   c - Song of Slaying                Charms                       2
   d - Spectral Weapon                Hexes/Charms                 3
   e - Regeneration                   Charms/Necromancy            3
Comestibles
 d - 7 bread rations
 l - 6 meat rations
 u - 6 royal jellies
 F - a chunk of flesh


   Skills:
 + Level 3.2(8.2) Fighting
 * Level 11.9(16.9) Axes
 + Level 2.2(7.2) Armour
 + Level 2.8(7.8) Dodging
 - Level 6.1 Spellcasting
 - Level 5.0 Charms


You had 15 spell levels left.
You knew the following spells:

 Your Spells              Type           Power        Failure   Level  Hunger
a - Spectral Weapon       Hex/Chrm       ###.....     11%         3    ##.....
c - Regeneration          Chrm/Necr      ###.......   11%         3    ##.....


Dungeon Overview and Level Annotations

Branches:
Dungeon (9/15)             Temple (1/1) D:4
   Lair: D:8-11         Orc: D:9-12

Altars:
Ashenzari
Cheibriados
Dithmenos
Elyvilon
Fedhas
Gozag
Hepliaklqana
Kikubaaqudgha
Makhleb
Nemelex Xobeh
Okawaru
Qazlal
Ru
Sif Muna
Trog
Uskayaw
Vehumet
Wu Jian
Xom
Yredelemnul
Zin
The Shining One

Shops:
D:6 [   D:7 [**[


Innate Abilities, Weirdness & Mutations

You have large cloven feet.
You are slightly more attuned to the shadows.
You sometimes gain a little power by taking damage.
Your movements are significantly less encumbered by armour. (ER -6)


Message History

You gain the combat prowess of a mighty hero.
The gargoyle completely misses you.
You slash the gargoyle!
The gargoyle is heavily damaged.
The gargoyle hits you with a morningstar!
You focus on the pain.
You feel your power returning.
You hit the gargoyle but do no damage.
The gargoyle is severely damaged.
You hit the gargoyle but do no damage.
The gargoyle is severely damaged.
The gargoyle hits you with a morningstar!!
* * * LOW HITPOINT WARNING * * *
You barely miss the gargoyle.
The gargoyle is severely damaged.
* * * LOW HITPOINT WARNING * * *
You barely miss the gargoyle. Your kick misses the gargoyle.
The gargoyle is severely damaged.
The gargoyle hurls a stone arrow at you.
The stone arrow hits you!
You die...

##.########...###..# #.#
...................# #.#
...................# #.#
####.######.#####.## #.#
#.# #.# #.# #.# #.# #.#
##.## #.# #.# #.####...###
#.# #.#
#...(..#...#######.#
#.###########@(.#.........#
#.......# ##9############
#######.# #.# #.# #.#
#.######.# #........#
##########


You could see a gargoyle and a friendly spectral battleaxe.

Vanquished Creatures
  Erica (D:8)
  The ghost of Avack the Spear-Bearer, a novice MfGl of Uskayaw (D:8)
  A hippogriff (D:7)
  3 hogs (D:7)
  A human (D:7)
  A yak (D:7)
  A hungry ghost (D:7)
  The ghost of stringdemon the Stinger, an amateur FoVM of Dithmenos (D:5)
  2 orc warriors (D:8)
  3 ice beasts
  3 ogres
  4 centaurs
  A big kobold (D:7)
  An elf zombie (Ossuary)
  4 bullfrogs
  A scorpion (D:9)
  16 killer bees
  An electric eel (D:8)
  A centaur zombie (Ossuary)
  A crimson imp (D:7)
  5 orc priests
  3 hounds (D:7)
  8 orc wizards
  3 human zombies (Ossuary)
  2 bullfrog skeletons
  An iguana (D:4)
  10 worker ants
  A big kobold zombie (Ossuary)
  2 mummies (Ossuary)
  A hound zombie (D:5)
  7 gnolls
  9 adders
  2 shadow imps
  3 oozes (D:3)
  4 adder zombies (Ossuary)
  An adder skeleton (D:5)
  2 worms
  3 dart slugs
  5 leopard geckos
  35 orcs
  7 giant cockroaches
  3 goblins
  3 hobgoblins
  7 jackals
  9 kobolds
  3 quokkas
  2 ball pythons (D:3)
  5 bats
  4 frilled lizards
  A goblin zombie (D:8)
  11 hobgoblin zombies (Ossuary)
  10 kobold zombies (Ossuary)
  3 orc zombies (Ossuary)
  8 rats
  4 rat zombies
235 creatures vanquished.

Vanquished Creatures (others)
  An adder (D:8)
  A leopard gecko (D:8)
  4 spectral weapons
6 creatures vanquished.

Grand Total: 241 creatures vanquished

Notes
Turn   | Place    | Note
-------+----------+-------------------------------------------
     0 | D:1      | Alarkh the Demonspawn Skald began the quest for the Orb.
     0 | D:1      | Reached XP level 1. HP: 16/16 MP: 3/3
    56 | D:1      | Reached skill level 2 in Axes
   161 | D:1      | Gained mutation: Your movements are slightly less encumbered by armour. (ER -2) [demonic ancestry]
   161 | D:1      | Reached XP level 2. HP: 22/22 MP: 5/5
   936 | D:2      | Reached skill level 3 in Axes
  1265 | D:2      | Reached XP level 3. HP: 13/27 MP: 3/6
  2500 | D:3      | Reached XP level 4. HP: 11/33 MP: 1/7
  2822 | D:3      | Reached skill level 4 in Axes
  3707 | D:3      | Gained mutation: You are slightly more attuned to the shadows. [demonic ancestry]
  3707 | D:3      | Reached XP level 5. HP: 27/38 MP: 8/8
  4233 | D:3      | Reached skill level 5 in Axes
  4462 | D:4      | Learned a level 3 spell: Regeneration
  4466 | D:4      | Learned a level 3 spell: Spectral Weapon
  4681 | D:4      | Got an ancient jade ring
  4716 | D:4      | Identified the ring "Omupludo" {rElec rPois rF+ Str+2 SInv} (You found it on level 4 of the Dungeon)
  4975 | D:4      | Reached XP level 6. HP: 44/44 MP: 2/9
  5201 | D:4      | Found a staircase to the Ecumenical Temple.
  5241 | Temple   | Entered the Ecumenical Temple
  5539 | Temple   | Became a worshipper of Warmaster Okawaru
  5683 | D:4      | Reached skill level 6 in Axes
  6027 | D:5      | Entered Level 5 of the Dungeon
  6170 | D:5      | Reached * piety under Okawaru
  6338 | D:5      | Reached skill level 7 in Axes
  6338 | D:5      | Gained mutation: You have large cloven feet. [demonic ancestry]
  6338 | D:5      | Reached XP level 7. HP: 47/50 MP: 5/10
  6411 | D:5      | Noticed stringdemon's ghost (amateur FoVM)
  6424 | D:5      | Killed stringdemon's ghost
  6839 | D:4      | Reached skill level 8 in Axes
  6847 | D:4      | Reached ** piety under Okawaru
  7480 | D:6      | Found Kadar's Armour Emporium.
  7678 | D:6      | Gained mutation: Your movements are less encumbered by armour. (ER -4) [demonic ancestry]
  7678 | D:6      | Reached XP level 8. HP: 56/56 MP: 0/11
  8183 | D:6      | Reached skill level 9 in Axes
  8643 | D:7      | Found a shattered altar of Ashenzari.
  8646 | D:7      | Found Soofar's Antique Armour Shoppe.
  8705 | D:7      | Bought a runed hat for 203 gold pieces
  8727 | D:7      | Found Xumnetun's Assorted Antiques.
  8731 | D:7      | Bought a scroll labeled XILUQURELU for 22 gold pieces
  9240 | D:7      | Found Daupec's Armour Emporium.
  9415 | D:7      | Found Wyuvidgh's General Store.
  9466 | D:7      | Noticed a hippogriff
  9477 | D:7      | Killed a hippogriff
  9477 | D:7      | Reached *** piety under Okawaru
  9603 | D:7      | Gained mutation: You sometimes gain a little power by taking damage. [demonic ancestry]
  9603 | D:7      | Reached XP level 9. HP: 56/61 MP: 11/14
  9612 | D:7      | Reached skill level 10 in Axes
  9877 | D:7      | Reached **** piety under Okawaru
 10268 | D:7      | Reached skill level 5 in Charms
 10323 | D:8      | Noticed Erica
 10338 | D:8      | You fall through a shaft!
 10367 | D:8      | HP: 3/61 [poisoned by a killer bee]
 10369 | D:8      | Found a sand-covered staircase.
 10374 | D:8      | HP: 3/61 [poisoned by a killer bee]
 10377 | Ossuary  | Entered an ossuary
 10379 | Ossuary  | HP: 3/61 [poisoned by a killer bee]
 10810 | Ossuary  | Reached skill level 5 in Spellcasting
 11392 | D:7      | Reached skill level 11 in Axes
 11888 | D:8      | Noticed Avack's ghost (novice MfGl)
 11888 | D:8      | Gained mutation: Your movements are significantly less encumbered by armour. (ER -6) [demonic ancestry]
 11888 | D:8      | Reached XP level 10. HP: 44/67 MP: 10/18
 12452 | D:8      | Killed Avack's ghost
 12532 | D:8      | Reached skill level 1 in Armour
 13508 | D:8      | HP: 2/68 [Erica/scimitar of flaming (10)]
 13511 | D:8      | Killed Erica
 14262 | D:9      | Noticed a gargoyle
 14699 | D:8      | Killed from afar by a gargoyle

Vault maps used:
D:1:      ncdulo_halloftheorcs
D:2:      first_bread, wad_orctagon
D:3:      minmay_door_square
D:4:      minmay_temple_entry_statues_pillars, corexii_hall_statues_i, hex_tiny
D:6:      serial_shops, shop, roderic_lattice_a
D:7:      ashenzari_altar_1, serial_shops, nicolae_shop_behind_doors,
          nicolae_shop_behind_doors, nicolae_shop_statue_plus, shop_statue,
          grunt_livestock
D:8:      enter_ossuary_4, minivault_14, kennysheep_generic_room_9, uniq_erica
Temple:   regret_index_temple_sigil_plot
Ossuary:  ossuary_tomb_1

Skill      XL: |  1  2  3  4  5  6  7  8  9 10 |
---------------+-------------------------------+-----
Axes           | 2 3 4 5 7 8 9 11 | 11.9
Charms         | 4 5 |  5.0
Spellcasting   | 3 5 6 |  6.1
Armour         | 2 |  2.2
Dodging        | 2 |  2.8
Fighting       | 3 |  3.2

Action                   |  1- 3 |  4- 6 |  7- 9 | 10-12 || total
-------------------------+-------+-------+-------+-------++-------
Melee: Hand axe          |   142 |   180 |   133 |       ||   455
       Kick              |       |       |   100 |    23 ||   123
       Battleaxe         |       |       |   295 |   112 ||   407
 Cast: Infusion          |     7 |    14 |     5 |       ||    26
       Spectral Weapon   |       |       |     7 |    18 ||    25
Invok: Heroism           |       |       |    11 |     9 ||    20
Evoke: Wand              |       |     7 |    15 |       ||    22
  Use: Scroll            |     2 |     6 |     9 |     3 ||    20
       Potion            |     1 |     5 |     2 |     1 ||     9
 Stab: Sleeping          |       |       |     3 |       ||     3
       Distracted        |       |       |     1 |       ||     1
  Eat: Chunk             |     5 |    11 |    20 |     7 ||    43
       Fruit             |       |       |     1 |     3 ||     4
Armor: Leather armour    |    33 |    36 |     2 |    33 ||   104
       Ring mail         |       |    15 |   148 |       ||   163
Dodge: Dodged            |    94 |   113 |   280 |    93 ||   580
